[Event "3rd Sharjah Masters 2019"]
[Site "Sharjah"]
[Date "2019.03.22"]
[Round "1.39"]
[White "Iniyan, P."]
[Black "Parthasarathy R"]
[Result "1-0"]
[ECO "A50"]
[WhiteElo "2487"]
[BlackElo "1345"]
[Annotator "RC"]
[PlyCount "59"]
[EventDate "2019.03.22"]
[EventType "swiss"]
[EventCountry "UAE"]
[SourceTitle "playchess.com"]
[Source "ChessBase"]
[SourceQuality "1"]
[TimeControl "5400+30"]

1. d4 Nf6 2. c4 g6 3. f3 Bg7 4. e4 d6 5. Ne2 O-O 6. Be3 c5 7. d5 e6 8. Nec3 a6 9. a4 exd5 10. cxd5 Nh5 11. g4 Nf6 12. Nd2 Nbd7 13. h4 Ne5 14. h5 Nfxg4 15. fxg4 Bxg4 16. Qc2 Bxh5 17. Ne2 b5 18. Rxh5 gxh5 19. Ng3 Ng4 20. Bf4 Qf6 21. Nf5 c4 22. Bxd6 Rfe8 23. O-O-O Rac8 24. Bb4 Qg5 25. Nxg7 Kxg7 26. Kb1 f6 27. Qc3 Qf4 28. Bh3 Rcd8 29. Rf1 Qe3 30. Bxg4 1-0

[Event "3rd Sharjah Masters 2019"]
[Site "Sharjah"]
[Date "2019.03.23"]
[Round "2.47"]
[White "Mota, Pankit"]
[Black "Pranav Anand"]
[Result "0-1"]
[ECO "C54"]
[WhiteElo "1974"]
[BlackElo "2359"]
[Annotator "NA"]
[PlyCount "120"]
[EventDate "2019.03.22"]
[EventType "swiss"]
[EventCountry "UAE"]
[SourceTitle "playchess.com"]
[Source "ChessBase"]
[SourceQuality "1"]
[TimeControl "5400+30"]

1. e4 e5 2. Nf3 Nc6 3. Bc4 Bc5 4. c3 Nf6 5. d3 d6 6. Bb3 h6 7. Nbd2 O-O 8. h3 a5 9. Nf1 Be6 10. Bc2 d5 11. Qe2 a4 12. Ng3 Re8 13. O-O Bb6 14. a3 Nd7 15. Rd1 d4 16. Nh5 Bc5 17. g4 g6 18. Ng3 Kg7 19. Kh2 Rh8 20. Rg1 Kf8 21. c4 Bd6 22. Bd2 Qb8 23. Nh4 g5 24. Nhf5 Bc5 25. Nh5 b5 26. Nfg7 bxc4 27. Nxe6+ fxe6 28. dxc4 d3 29. Qxd3 Nd4 30. Bc3 Ke7 31. Rgf1 Rf8 32. Rad1 Rf3 33. Qd2 Qf8 34. Bxd4 Bxd4 35. Kg2 Rb8 36. Qe2 Rf7 37. Bxa4 Nc5 38. Bb5 c6 39. b4 Nxe4 40. Rxd4 exd4 41. Qxe4 cxb5 42. Qxd4 Qc8 43. Rd1 Qc6+ 44. Kg1 bxc4 45. b5 Qb6 46. Qxb6 Rxb6 47. a4 Rf8 48. Rc1 Rc8 49. Ng3 Rbb8 50. Ne4 Ra8 51. Nc3 Kd6 52. b6 Kc6 53. Rb1 Rcb8 54. Rb4 Kc5 55. Rb5+ Kd4 56. Ne2+ Kd3 57. Nc1+ Kd2 58. Na2 Rxa4 59. Nb4 c3 60. b7 Rxb4 0-1

[Event "3rd Sharjah Masters 2019"]
[Site "Sharjah"]
[Date "2019.03.23"]
[Round "2.48"]
[White "Ravi, Thandalam Shanmugam"]
[Black "Sri, Sai Baswanth P"]
[Result "0-1"]
[ECO "B08"]
[WhiteElo "2276"]
[BlackElo "2018"]
[Annotator "NA"]
[PlyCount "60"]
[EventDate "2019.03.22"]
[EventType "swiss"]
[EventCountry "UAE"]
[SourceTitle "playchess.com"]
[Source "ChessBase"]
[SourceQuality "1"]
[TimeControl "5400+30"]

1. e4 g6 2. d4 Bg7 3. Nf3 d6 4. h3 Nf6 5. Nc3 O-O 6. Be3 c6 7. a4 d5 8. e5 Ne4 9. Bd3 Nxc3 10. bxc3 c5 11. Qd2 c4 12. Be2 Nc6 13. O-O Bd7 14. Nh2 a6 15. Rfe1 b5 16. axb5 axb5 17. Bf3 Be6 18. Nf1 Ra4 19. Rxa4 bxa4 20. Qc1 Qa5 21. Qa3 Bf5 22. Rc1 Ra8 23. Nd2 Bd7 24. Rb1 e6 25. Qd6 Be8 26. Nxc4 dxc4 27. Bxc6 Bf8 28. Rb8 Rxb8 29. Qxb8 Bxc6 30. Bh6 Qa8 0-1

[Event "3rd Sharjah Masters 2019"]
[Site "Sharjah"]
[Date "2019.03.24"]
[Round "3.33"]
[White "Sadhwani, Raunak"]
[Black "Abdurakhmonov, Mukhammadali"]
[Result "1-0"]
[ECO "B07"]
[WhiteElo "2455"]
[BlackElo "2205"]
[Annotator "RC"]
[PlyCount "45"]
[EventDate "2019.03.22"]
[EventType "swiss"]
[EventCountry "UAE"]
[SourceTitle "playchess.com"]
[Source "ChessBase"]
[SourceQuality "1"]
[TimeControl "5400+30"]

1. d4 Nf6 2. Nc3 g6 3. e4 d6 4. Bf4 c6 5. Qd2 b5 6. e5 dxe5 7. dxe5 Qxd2+ 8. Bxd2 Nfd7 9. f4 Nb6 10. Nf3 a6 11. a4 b4 12. Ne4 a5 13. Nd4 Bh6 14. h4 Ba6 15. h5 Bxf1 16. Kxf1 Nd5 17. g3 Bg7 18. h6 Bf8 19. e6 f5 20. Ng5 c5 21. Nb5 Na6 22. c4 bxc3 23. Bxc3 1-0

[Event "3rd Sharjah Masters 2019"]
[Site "Sharjah"]
[Date "2019.03.24"]
[Round "3.39"]
[White "Chekh Adm Khedr, Aram"]
[Black "Tissir, Mohamed"]
[Result "0-1"]
[ECO "B90"]
[WhiteElo "2155"]
[BlackElo "2386"]
[Annotator "NA"]
[PlyCount "52"]
[EventDate "2019.03.22"]
[EventType "swiss"]
[EventCountry "UAE"]
[SourceTitle "playchess.com"]
[Source "ChessBase"]
[SourceQuality "1"]
[TimeControl "5400+30"]

1. e4 c5 2. Nf3 d6 3. d4 cxd4 4. Nxd4 Nf6 5. Nc3 a6 6. h4 e6 7. g4 b5 8. g5 Nfd7 9. a3 Bb7 10. Be3 Nb6 11. Qh5 g6 12. Qg4 N8d7 13. h5 Ne5 14. Qh3 gxh5 15. Be2 Nbc4 16. Bxh5 Nxe3 17. Qxe3 Qe7 18. O-O-O O-O-O 19. f4 Nc4 20. Qd3 Bg7 21. a4 d5 22. e5 Qb4 23. Nb3 bxa4 24. Na2 Qb6 25. Qc3 axb3 26. cxb3 Qe3+ 0-1

[Event "3rd Sharjah Masters 2019"]
[Site "Sharjah"]
[Date "2019.03.24"]
[Round "3.41"]
[White "Dr., Murtaza Ali"]
[Black "Saurabh Anand"]
[Result "0-1"]
[ECO "C55"]
[WhiteElo "2084"]
[BlackElo "2385"]
[Annotator "NA"]
[PlyCount "62"]
[EventDate "2019.03.22"]
[EventType "swiss"]
[EventCountry "UAE"]
[SourceTitle "playchess.com"]
[Source "ChessBase"]
[SourceQuality "1"]
[TimeControl "5400+30"]

1. e4 e5 2. Nf3 Nc6 3. Bc4 Nf6 4. O-O Nxe4 5. Qe2 d5 6. Bb5 f6 7. d4 Qd6 8. dxe5 fxe5 9. Nc3 Nxc3 10. bxc3 e4 11. Nd4 Bd7 12. Bxc6 Bxc6 13. Rb1 Be7 14. Qh5+ g6 15. Qh6 Bf8 16. Qh4 Bg7 17. Bf4 Qd7 18. Qg3 Rc8 19. Be5 O-O 20. Bxg7 Kxg7 21. f3 Rce8 22. fxe4 dxe4 23. Rxf8 Rxf8 24. Qe5+ Kg8 25. Re1 Qf7 26. Qg3 Bd5 27. h3 c5 28. Nb5 a6 29. Nd6 Qe6 30. c4 Bc6 31. Rf1 e3 0-1

[Event "3rd Sharjah Masters 2019"]
[Site "Sharjah"]
[Date "2019.03.24"]
[Round "3.42"]
[White "Salem, Ahmed Salem"]
[Black "Sukandar, Irine Kharisma"]
[Result "0-1"]
[ECO "B90"]
[WhiteElo "2069"]
[BlackElo "2381"]
[Annotator "NA"]
[PlyCount "80"]
[EventDate "2019.03.22"]
[EventType "swiss"]
[EventCountry "UAE"]
[SourceTitle "playchess.com"]
[Source "ChessBase"]
[SourceQuality "1"]
[TimeControl "5400+30"]

1. e4 c5 2. Nf3 d6 3. d4 Nf6 4. Nc3 cxd4 5. Nxd4 a6 6. Bc4 e6 7. Bb3 Be7 8. Be3 O-O 9. Qe2 Nc6 10. O-O-O Qc7 11. f3 Na5 12. g4 b5 13. g5 Nxb3+ 14. axb3 Nd7 15. h4 b4 16. Na4 Nc5 17. Qc4 Bd7 18. Qxb4 Nxa4 19. bxa4 Rfc8 20. Rd3 Rab8 21. Qa3 Qd8 22. Rc3 d5 23. Rxc8 Rxc8 24. Qd3 Bxa4 25. e5 Qa5 26. Kb1 Bb5 27. Qd2 Bb4 28. Qf2 Bc4 29. Nb3 Bxb3 30. cxb3 Qb5 31. Rd1 Bf8 32. Ka2 Rb8 33. Qc2 Qa5+ 34. Kb1 Qb4 35. Ka2 Qxh4 36. f4 Qh3 37. Qc7 Rb5 38. Rd3 d4 39. b4 Rd5 40. Qb8 Qf1 0-1

[Event "3rd Sharjah Masters 2019"]
[Site "Sharjah"]
[Date "2019.03.24"]
[Round "3.43"]
[White "Assaubayeva, Bibisara"]
[Black "Mihoubi, Saad"]
[Result "1-0"]
[ECO "D43"]
[WhiteElo "2376"]
[BlackElo "2088"]
[Annotator "NA"]
[PlyCount "61"]
[EventDate "2019.03.22"]
[EventType "swiss"]
[EventCountry "UAE"]
[SourceTitle "playchess.com"]
[Source "ChessBase"]
[SourceQuality "1"]
[TimeControl "5400+30"]

1. d4 d5 2. c4 Nf6 3. Nf3 e6 4. Nc3 c6 5. Bg5 Be7 6. e3 O-O 7. Qc2 Nbd7 8. Rd1 h6 9. Bh4 dxc4 10. Bxc4 b5 11. Bd3 Bb7 12. O-O Qb6 13. Ne5 Bd6 14. Nxd7 Nxd7 15. Ne4 Qc7 16. h3 Bh2+ 17. Kh1 g5 18. Bg3 Bxg3 19. Nxg3 Nf6 20. Bxb5 Rfc8 21. Be2 a5 22. Rc1 a4 23. Bf3 Ra5 24. Qd2 Qb6 25. Rc2 Rb5 26. Rfc1 Kg7 27. Be2 Rd5 28. Rc5 Rcd8 29. Qc3 Rb8 30. Bf3 Rdd8 31. d5 1-0

[Event "3rd Sharjah Masters 2019"]
[Site "Sharjah"]
[Date "2019.03.24"]
[Round "3.45"]
[White "Rathnakaran, K.."]
[Black "Mrudul, Dehankar"]
[Result "1-0"]
[ECO "C77"]
[WhiteElo "2361"]
[BlackElo "2078"]
[Annotator "NA"]
[PlyCount "85"]
[EventDate "2019.03.22"]
[EventType "swiss"]
[EventCountry "UAE"]
[SourceTitle "playchess.com"]
[Source "ChessBase"]
[SourceQuality "1"]
[TimeControl "5400+30"]

1. e4 e5 2. Nf3 Nc6 3. Bb5 a6 4. Ba4 Nf6 5. Qe2 b5 6. Bb3 Bc5 7. a4 Bb7 8. c3 d6 9. O-O O-O 10. d3 Bb6 11. Bg5 h6 12. Bh4 Nb8 13. axb5 axb5 14. Rxa8 Bxa8 15. Na3 Bc6 16. Nc2 Nbd7 17. Ne3 Nc5 18. Bd5 Bxd5 19. Nxd5 g5 20. Nxb6 cxb6 21. Bg3 Qe7 22. Ra1 Qb7 23. Nd2 Ra8 24. Re1 Ra2 25. d4 exd4 26. cxd4 Ncxe4 27. Nxe4 Qxe4 28. Qd1 Qd5 29. h4 Rxb2 30. hxg5 hxg5 31. Qc1 Ra2 32. Be5 dxe5 33. Qxg5+ Kf8 34. Qxf6 e4 35. Rc1 Ra8 36. Qh8+ Ke7 37. Rc7+ Kd6 38. Qh2+ Ke6 39. Qh3+ Kf6 40. Qh6+ Kf5 41. Qh5+ Ke6 42. Qxf7+ Kd6 43. Qe7# 1-0

[Event "3rd Sharjah Masters 2019"]
[Site "Sharjah"]
[Date "2019.03.24"]
[Round "3.47"]
[White "Gokhale, Anupama"]
[Black "Omar, Noaman"]
[Result "0-1"]
[ECO "A50"]
[WhiteElo "1994"]
[BlackElo "2356"]
[Annotator "NA"]
[PlyCount "62"]
[EventDate "2019.03.22"]
[EventType "swiss"]
[EventCountry "UAE"]
[SourceTitle "playchess.com"]
[Source "ChessBase"]
[SourceQuality "1"]
[TimeControl "5400+30"]

1. d4 Nf6 2. c4 b6 3. Nf3 Bb7 4. g3 c5 5. d5 b5 6. Bg2 g6 7. O-O bxc4 8. Ne5 Bg7 9. Nxc4 d6 10. Nc3 O-O 11. Qc2 Nbd7 12. h3 Nb6 13. Ne3 a5 14. Rb1 a4 15. Rd1 Ra6 16. Nf1 Qa8 17. e4 Rc8 18. Ne3 Nfd7 19. b3 axb3 20. axb3 c4 21. b4 Ne5 22. Ng4 Nd3 23. Bh6 Bh8 24. Qd2 Nd7 25. Bg5 Ra3 26. Bxe7 Bxc3 27. Qg5 Bg7 28. Bf1 N3e5 29. Be2 Qa7 30. Kf1 c3 31. Rbc1 Ra2 0-1

[Event "3rd Sharjah Masters 2019"]
[Site "Sharjah"]
[Date "2019.03.25"]
[Round "4.33"]
[White "Tissir, Mohamed"]
[Black "Pranav Vijay"]
[Result "0-1"]
[ECO "A46"]
[WhiteElo "2386"]
[BlackElo "2265"]
[Annotator "NA"]
[PlyCount "134"]
[EventDate "2019.03.22"]
[EventType "swiss"]
[EventCountry "UAE"]
[SourceTitle "playchess.com"]
[Source "ChessBase"]
[SourceQuality "1"]
[TimeControl "5400+30"]

1. d4 Nf6 2. Nf3 e6 3. Bf4 b6 4. e3 Bb7 5. h3 d6 6. Nbd2 Nbd7 7. Be2 g6 8. O-O Bg7 9. c3 O-O 10. Bh2 Qe7 11. a4 a6 12. Qb3 e5 13. Qa3 Ne4 14. Nxe4 Bxe4 15. dxe5 Nxe5 16. Nxe5 Bxe5 17. Bxe5 Qxe5 18. Rfd1 a5 19. Qb3 Qg5 20. Bf1 Rae8 21. Qc4 Re7 22. Rd4 d5 23. Qc6 Rd8 24. b4 Qe5 25. Rc1 Re6 26. Qb5 Rb8 27. bxa5 c6 28. Qa6 c5 29. Rd2 c4 30. Qb5 bxa5 31. Qxa5 Rc6 32. Qa7 Rcb6 33. a5 Rb1 34. Rdd1 R1b5 35. Qd4 Qxd4 36. Rxd4 Rxa5 37. f3 Bf5 38. e4 dxe4 39. fxe4 Be6 40. Bxc4 Bxc4 41. Rxc4 Rb2 42. e5 Rxe5 43. Rg4 h5 44. Rg3 Ree2 45. Kh1 Kg7 46. Rg1 Rbc2 47. Rd3 f5 48. Kh2 Kh6 49. Rf3 Re4 50. Rd1 Ree2 51. Rg1 Kg5 52. Rd3 f4 53. Kh1 Rf2 54. Rd5+ Kf6 55. Rd3 g5 56. Re1 g4 57. h4 Rce2 58. Rxe2 Rxe2 59. Kg1 g3 60. Kf1 Rf2+ 61. Kg1 Kf5 62. c4 Rc2 63. Kf1 Rxc4 64. Rd5+ Kg4 65. Rg5+ Kxh4 66. Rg8 f3 67. gxf3 Kh3 0-1

[Event "3rd Sharjah Masters 2019"]
[Site "Sharjah"]
[Date "2019.03.25"]
[Round "4.34"]
[White "Al Hosani, Omran"]
[Black "Zaibi, Amir"]
[Result "0-1"]
[ECO "A22"]
[WhiteElo "2238"]
[BlackElo "2386"]
[Annotator "NA"]
[PlyCount "65"]
[EventDate "2019.03.22"]
[EventType "swiss"]
[EventCountry "UAE"]
[SourceTitle "playchess.com"]
[Source "ChessBase"]
[SourceQuality "1"]
[TimeControl "5400+30"]

1. c4 e5 2. Nc3 Nf6 3. g3 d5 4. cxd5 Nxd5 5. Bg2 Nb6 6. e3 Nc6 7. Nge2 h5 8. d4 h4 9. O-O Bd6 10. dxe5 Nxe5 11. Ne4 hxg3 12. fxg3 Bg4 13. a4 Be7 14. Qxd8+ Rxd8 15. Nd4 Nd5 16. Nc3 Nxc3 17. bxc3 c5 18. Nb5 Be2 19. Re1 Nf3+ 20. Bxf3 Bxf3 21. e4 Rd3 22. Nc7+ Kd7 23. Nd5 Bd8 24. Ra3 Re8 25. Nf4 Rd1 26. Rxd1+ Bxd1 27. Nd3 c4 28. Nf2 Bb6 29. a5 Bc5 30. Ra2 Bf3 31. Kf1 Kc6 32. Bf4 Bxe4 33. Re2 0-1

[Event "3rd Sharjah Masters 2019"]
[Site "Sharjah"]
[Date "2019.03.25"]
[Round "4.36"]
[White "Shanya, Mishra"]
[Black "Dhulipalla Bala Chandra Prasa"]
[Result "0-1"]
[ECO "A40"]
[WhiteElo "2026"]
[BlackElo "2384"]
[Annotator "NA"]
[PlyCount "66"]
[EventDate "2019.03.22"]
[EventType "swiss"]
[EventCountry "UAE"]
[SourceTitle "playchess.com"]
[Source "ChessBase"]
[SourceQuality "1"]
[TimeControl "5400+30"]

1. d4 Nc6 2. c4 e5 3. d5 Nce7 4. Nf3 Ng6 5. g3 Bc5 6. Bg2 d6 7. O-O Nf6 8. b4 Bb6 9. Bb2 Qe7 10. Nc3 a6 11. e4 O-O 12. Rc1 Ba7 13. Qe2 h6 14. Nd1 Bd7 15. Qc2 c6 16. Re1 Rac8 17. Qd2 c5 18. b5 axb5 19. cxb5 Bxb5 20. Qa5 Qd7 21. Nc3 Ba6 22. Nd2 c4 23. Bf1 Ng4 24. Nd1 f5 25. h3 Nf6 26. exf5 Qxf5 27. Nxc4 Ne4 28. Rxe4 Qxe4 29. Nxd6 Rxc1 30. Bxc1 Qf3 31. Qd2 Qxg3+ 32. Kh1 Bxf2 33. Bg2 Bf1 0-1

[Event "3rd Sharjah Masters 2019"]
[Site "Sharjah"]
[Date "2019.03.25"]
[Round "4.38"]
[White "Jinan, Jomon"]
[Black "Assaubayeva, Bibisara"]
[Result "1/2-1/2"]
[ECO "B06"]
[WhiteElo "1848"]
[BlackElo "2376"]
[Annotator "NA"]
[PlyCount "66"]
[EventDate "2019.03.22"]
[EventType "swiss"]
[EventCountry "UAE"]
[SourceTitle "playchess.com"]
[Source "ChessBase"]
[SourceQuality "1"]
[TimeControl "5400+30"]

1. e4 g6 2. d4 Bg7 3. Nf3 d6 4. Bd3 Nd7 5. O-O e5 6. c3 Ne7 7. dxe5 dxe5 8. Be3 O-O 9. a4 a5 10. Qb3 Nf6 11. Rd1 Bg4 12. Bc4 Qe8 13. Nbd2 b6 14. Bb5 Qb8 15. Qa3 c5 16. Be2 Ra7 17. h3 Bd7 18. Bb5 Bxb5 19. axb5 Nc8 20. Qa4 Ne8 21. Nc4 f5 22. Qc2 f4 23. Bd2 Bf6 24. Be1 g5 25. Qd3 Kh8 26. Qd5 Re7 27. b4 Nc7 28. Qc6 axb4 29. cxb4 Re6 30. Qd7 Re7 31. Qc6 Re6 32. Qd7 Re7 33. Qc6 Re6 1/2-1/2

[Event "3rd Sharjah Masters 2019"]
[Site "Sharjah"]
[Date "2019.03.26"]
[Round "5.12"]
[White "Abdusattorov, Nodirbek"]
[Black "Raja Rithvik R"]
[Result "1-0"]
[ECO "C77"]
[WhiteElo "2560"]
[BlackElo "2423"]
[Annotator "ChessBase"]
[PlyCount "113"]
[EventDate "2019.03.22"]
[EventType "swiss"]
[EventCountry "UAE"]
[SourceTitle "playchess.com"]
[Source "ChessBase"]
[SourceQuality "1"]
[TimeControl "5400+30"]

1. e4 e5 2. Nf3 Nc6 3. Bb5 a6 4. Ba4 Nf6 5. d3 b5 6. Bb3 Bc5 7. Nc3 d6 8. Nd5 h6 9. c3 Rb8 10. O-O O-O 11. Be3 Bxe3 12. Nxf6+ Qxf6 13. fxe3 Qe7 14. Qe1 Be6 15. Nh4 Qd7 16. Qg3 Ne7 17. d4 f6 18. Qg4 d5 19. Nf5 Bxf5 20. exf5 Kh8 21. dxe5 fxe5 22. Rad1 Rxf5 23. Rxf5 Qxf5 24. Qxf5 Nxf5 25. Rxd5 Nxe3 26. Rxe5 Ng4 27. Re7 c5 28. h3 Nf6 29. Ra7 c4 30. Bc2 Nd5 31. Be4 Nb6 32. Rxa6 Na4 33. Ra8 Rxa8 34. Bxa8 Nxb2 35. Bc6 Kg8 36. Bxb5 Kf8 37. Kf2 Nd1+ 38. Kf3 Nxc3 39. Bxc4 Ke7 40. Kf4 Kf6 41. Bb3 g5+ 42. Kg4 Ne4 43. a4 Nd6 44. a5 Nb5 45. a6 Na7 46. Ba4 Nc8 47. Bd7 Na7 48. Kh5 Kg7 49. g3 Kh7 50. Kg4 Kg6 51. Kf3 Kf6 52. Ke4 Ke7 53. Bg4 Nb5 54. Kf5 Kf7 55. Be2 Na7 56. Bc4+ Kg7 57. Ke4 1-0

[Event "3rd Sharjah Masters 2019"]
[Site "Sharjah"]
[Date "2019.03.26"]
[Round "5.13"]
[White "Akash G"]
[Black "Fier, Alexandr"]
[Result "0-1"]
[ECO "B83"]
[WhiteElo "2411"]
[BlackElo "2551"]
[Annotator "ChessBase"]
[PlyCount "92"]
[EventDate "2019.03.22"]
[EventType "swiss"]
[EventCountry "UAE"]
[SourceTitle "playchess.com"]
[Source "ChessBase"]
[SourceQuality "1"]
[TimeControl "5400+30"]

1. e4 c5 2. Nf3 e6 3. d4 cxd4 4. Nxd4 Nc6 5. Nc3 d6 6. Be2 Nf6 7. O-O Be7 8. Be3 O-O 9. f4 Bd7 10. Nb3 a6 11. a4 b6 12. Bf3 Rb8 13. g4 h6 14. Qe2 b5 15. axb5 axb5 16. Nxb5 d5 17. exd5 Nxd5 18. Bxd5 exd5 19. N5d4 Nxd4 20. Bxd4 Bb5 21. Qd2 Bxf1 22. Rxf1 Bf6 23. Qc3 Bxd4+ 24. Nxd4 Re8 25. Kg2 Qb6 26. b3 Rbc8 27. Qd3 g6 28. Rf2 Re4 29. Ne2 Qc5 30. c4 Rd8 31. cxd5 Rb4 32. Ng3 Qxd5+ 33. Qxd5 Rxd5 34. h4 Rdd4 35. Ne2 Rd2 36. g5 h5 37. Kf1 Rxb3 38. f5 Rb1+ 39. Kg2 Rbb2 40. Kf3 gxf5 41. Rg2 Rd3+ 42. Kf4 Rb4+ 43. Ke5 Re3+ 44. Kxf5 Rb2 45. Nf4 Rb5+ 46. Kf6 Rf3 0-1

[Event "3rd Sharjah Masters 2019"]
[Site "Sharjah"]
[Date "2019.03.26"]
[Round "5.17"]
[White "Nigmatov, Ortik"]
[Black "Koniahli, Malek."]
[Result "0-1"]
[ECO "C80"]
[WhiteElo "2478"]
[BlackElo "2294"]
[Annotator "ChessBase"]
[PlyCount "48"]
[EventDate "2019.03.22"]
[EventType "swiss"]
[EventCountry "UAE"]
[SourceTitle "playchess.com"]
[Source "ChessBase"]
[SourceQuality "1"]
[TimeControl "5400+30"]

1. e4 e5 2. Nf3 Nc6 3. Bb5 a6 4. Ba4 Nf6 5. O-O Nxe4 6. Re1 Nc5 7. Bxc6 dxc6 8. Nxe5 Be7 9. d4 Nd7 10. Qf3 O-O 11. Nc3 Nxe5 12. dxe5 Qd7 13. Ne4 Qf5 14. Bf4 Be6 15. h3 Rad8 16. Qe3 Bb4 17. Rec1 Qg6 18. c3 Ba5 19. Re1 Bb6 20. Qf3 Bd5 21. b3 f5 22. exf6 Rde8 23. fxg7 Kxg7 24. Qg3 Rxe4 0-1

[Event "3rd Sharjah Masters 2019"]
[Site "Sharjah"]
[Date "2019.03.26"]
[Round "5.23"]
[White "Debashis, Das"]
[Black "Buksa, Nataliya"]
[Result "1/2-1/2"]
[ECO "D31"]
[WhiteElo "2532"]
[BlackElo "2416"]
[Annotator "ChessBase"]
[PlyCount "67"]
[EventDate "2019.03.22"]
[EventType "swiss"]
[EventCountry "UAE"]
[SourceTitle "playchess.com"]
[Source "ChessBase"]
[SourceQuality "1"]
[TimeControl "5400+30"]

1. d4 d5 2. c4 e6 3. Nc3 Be7 4. cxd5 exd5 5. Bf4 Nf6 6. e3 Bf5 7. Qb3 Nc6 8. a3 Na5 9. Qa2 c6 10. Nf3 b5 11. Be2 O-O 12. Ne5 Rc8 13. O-O Nc4 14. Bd3 Bxd3 15. Nxd3 a5 16. Rad1 Nh5 17. a4 Nxf4 18. Nxf4 b4 19. Nce2 b3 20. Qb1 Bb4 21. Qc1 Qe7 22. Kh1 Rfd8 23. Qa1 Qe4 24. Rd3 Rb8 25. Rfd1 Bd6 26. Rc3 Rb6 27. Kg1 Rdb8 28. Rcd3 Qe7 29. Rc3 h5 30. Rcd3 Ba3 31. Rb1 Bd6 32. Rbd1 Ba3 33. Rb1 Bd6 34. Rbd1 1/2-1/2

[Event "3rd Sharjah Masters 2019"]
[Site "Sharjah"]
[Date "2019.03.26"]
[Round "5.24"]
[White "Zou, Chen"]
[Black "Gukesh, D."]
[Result "1-0"]
[ECO "B33"]
[WhiteElo "2397"]
[BlackElo "2529"]
[Annotator "ChessBase"]
[PlyCount "73"]
[EventDate "2019.03.22"]
[EventType "swiss"]
[EventCountry "UAE"]
[SourceTitle "playchess.com"]
[Source "ChessBase"]
[SourceQuality "1"]
[TimeControl "5400+30"]

1. e4 c5 2. Nf3 Nc6 3. d4 cxd4 4. Nxd4 Nf6 5. Nc3 e5 6. Ndb5 d6 7. Bg5 a6 8. Na3 b5 9. Bxf6 gxf6 10. Nd5 f5 11. Bxb5 axb5 12. Nxb5 Ra4 13. Nbc7+ Kd7 14. O-O Bb7 15. c4 Rxc4 16. Qb3 Na5 17. Qb5+ Bc6 18. Nb6+ Kxc7 19. Qxa5 Rc5 20. Qa7+ Bb7 21. b4 Rc6 22. Rac1 Qe8 23. Nd5+ Kc8 24. a4 Bh6 25. Rxc6+ Qxc6 26. Ne7+ Kc7 27. Nxc6 Ra8 28. Qxa8 Bxa8 29. b5 fxe4 30. Re1 f5 31. Ne7 f4 32. Rc1+ Kb6 33. Nf5 Bg5 34. h4 Bf6 35. Rc8 e3 36. fxe3 Be4 37. Rf8 1-0

[Event "3rd Sharjah Masters 2019"]
[Site "Sharjah"]
[Date "2019.03.26"]
[Round "5.28"]
[White "Stany, G.A."]
[Black "Saurabh Anand"]
[Result "1/2-1/2"]
[ECO "C96"]
[WhiteElo "2507"]
[BlackElo "2385"]
[Annotator "ChessBase"]
[PlyCount "73"]
[EventDate "2019.03.22"]
[EventType "swiss"]
[EventCountry "UAE"]
[SourceTitle "playchess.com"]
[Source "ChessBase"]
[SourceQuality "1"]
[TimeControl "5400+30"]

1. e4 e5 2. Nf3 Nc6 3. Bb5 a6 4. Ba4 Nf6 5. O-O Be7 6. Re1 b5 7. Bb3 d6 8. c3 O-O 9. h3 Na5 10. Bc2 c5 11. d4 Nd7 12. Nbd2 exd4 13. cxd4 Nc6 14. d5 Nce5 15. a4 Bb7 16. Nxe5 Nxe5 17. f4 Ng6 18. Nf3 Re8 19. Kh2 Nh4 20. Ng1 Bf6 21. g3 Ng6 22. Rb1 Bc8 23. b3 Bd7 24. Nf3 Qc7 25. Bd2 Rac8 26. Bd3 c4 27. bxc4 bxc4 28. Bc2 Rb8 29. Rxb8 Qxb8 30. Re2 Qc8 31. Bb4 Qb8 32. Qe1 Qc7 33. Re3 Bb2 34. Ba5 Qc5 35. Bb4 Qc7 36. Ba5 Qc5 37. Bb4 1/2-1/2

[Event "3rd Sharjah Masters 2019"]
[Site "Sharjah"]
[Date "2019.03.26"]
[Round "5.31"]
[White "Harsha, Bharathakoti"]
[Black "Omar, Noaman"]
[Result "1-0"]
[ECO "A13"]
[WhiteElo "2497"]
[BlackElo "2356"]
[Annotator "RC"]
[PlyCount "83"]
[EventDate "2019.03.22"]
[EventType "swiss"]
[EventCountry "UAE"]
[SourceTitle "playchess.com"]
[Source "ChessBase"]
[SourceQuality "1"]
[TimeControl "5400+30"]

1. c4 e6 2. Nf3 d5 3. e3 Nf6 4. Nc3 a6 5. b3 b6 6. Bb2 Bb7 7. g3 Nbd7 8. cxd5 exd5 9. Bg2 Bd6 10. O-O O-O 11. Nh4 g6 12. Re1 Re8 13. Rc1 Ne4 14. d3 Nxc3 15. Bxc3 Be5 16. Bxe5 Nxe5 17. d4 Nd7 18. Re2 a5 19. Nf3 c6 20. Ne1 Qe7 21. Nd3 Qd6 22. Rec2 Re7 23. Rc3 Kg7 24. Qc2 Rae8 25. Qb2 b5 26. Nc5 Bc8 27. Qd2 h5 28. R3c2 h4 29. Nd3 Nb8 30. Ne5 Bf5 31. Rc5 h3 32. Bf1 Rxe5 33. dxe5 Rxe5 34. Qxa5 g5 35. Qc3 f6 36. a4 bxa4 37. bxa4 Re7 38. a5 Qe6 39. Qb2 Be4 40. Be2 Nd7 41. Rxc6 Qf5 42. g4 1-0

[Event "3rd Sharjah Masters 2019"]
[Site "Sharjah"]
[Date "2019.03.26"]
[Round "5.36"]
[White "Mendonca, Leon Luke"]
[Black "Jinan, Jomon"]
[Result "1-0"]
[ECO "D35"]
[WhiteElo "2446"]
[BlackElo "1848"]
[Annotator "NA RC"]
[PlyCount "75"]
[EventDate "2019.03.22"]
[EventType "swiss"]
[EventCountry "UAE"]
[SourceTitle "playchess.com"]
[Source "ChessBase"]
[SourceQuality "1"]
[TimeControl "5400+30"]

1. d4 d5 2. c4 e6 3. Nc3 Nf6 4. cxd5 exd5 5. Bg5 c6 6. e3 Bf5 7. Qf3 Bg6 8. Bxf6 Qxf6 9. Qxf6 gxf6 10. Nf3 Nd7 11. Nh4 Be7 12. Ne2 Nb6 13. Ng3 Bb4+ 14. Kd1 Na4 15. Ngf5 Nxb2+ 16. Kc2 Nc4 17. Bxc4 dxc4 18. Rhb1 Ba3 19. Rxb7 O-O 20. Rab1 a5 21. Rc7 Rfc8 22. Rxc8+ Rxc8 23. Rb7 Bf8 24. Kc3 a4 25. Kxc4 a3 26. g4 Ra8 27. f3 Ra4+ 28. Kb3 Ra8 29. e4 Rc8 30. Kc3 Ra8 31. h3 Rc8 32. Kd2 Ra8 33. Rb6 Rc8 34. d5 cxd5 35. exd5 Bc5 36. Rc6 Bb4+ 37. Kc2 Rd8 38. Kb3 1-0

[Event "3rd Sharjah Masters 2019"]
[Site "Sharjah"]
[Date "2019.03.26"]
[Round "5.40"]
[White "Bouzidi, Ahmed"]
[Black "Tissir, Mohamed"]
[Result "0-1"]
[ECO "C60"]
[WhiteElo "2199"]
[BlackElo "2386"]
[Annotator "NA"]
[PlyCount "112"]
[EventDate "2019.03.22"]
[EventType "swiss"]
[EventCountry "UAE"]
[SourceTitle "playchess.com"]
[Source "ChessBase"]
[SourceQuality "1"]
[TimeControl "5400+30"]

1. e4 e5 2. Nf3 Nc6 3. Bb5 Nge7 4. O-O g6 5. d4 exd4 6. Nxd4 Bg7 7. Be3 O-O 8. Nc3 a6 9. Be2 d6 10. Qd2 f5 11. Bc4+ Kh8 12. Ne6 Bxe6 13. Bxe6 fxe4 14. Nxe4 Nf5 15. Bg5 Qe8 16. Bxf5 gxf5 17. Nc3 Qg6 18. f4 Rae8 19. Rae1 Nd4 20. Kh1 Qf7 21. Bh4 Qc4 22. Bf2 b5 23. a3 c6 24. h3 d5 25. Bg1 Ne6 26. Re2 d4 27. Nd1 Nc5 28. Rxe8 Rxe8 29. Rf3 Qe2 30. Rf2 Qxd2 31. Rxd2 Re1 32. b4 Ne4 33. Rd3 c5 34. bxc5 Nxc5 35. Rd2 Kg8 36. Kh2 Ne6 37. g3 h5 38. Bf2 Re4 39. h4 Bf8 40. Rd3 Re2 41. c3 dxc3 42. Rxc3 Rd2 43. Rc1 Bxa3 44. Ra1 Bc5 45. Kg1 a5 46. Bxc5 Nxc5 47. Ne3 a4 48. Rc1 Nb3 49. Rc8+ Kf7 50. Ra8 Nd4 51. Ra6 Ke8 52. Kf1 Kd7 53. Nd5 Nc2 54. Nc3 a3 55. Rb6 b4 56. Na4 a2 0-1